[ AOE2 MATCH · #505771909 ]
UnrankedKhmer vs Burgundians
Player's team · LOSS
[ REPLAY ANALYSIS · EXTRACTED FROM THE RECORDED GAME ]
Feudal
8:34
Castle
31:11
Imperial
—
| APM avg | 61.5 |
| APM peak | 103 |
| eAPM avg | 27.8 |
| Villagers / military | 82 / 133 |
Focus
⚔️ 53.6% · 🌾 46.4%
Scout Cavalry ×79 · Knight ×44 · Scorpion ×10
Feudal
9:16
Castle
27:40
Imperial
—
| APM avg | 115.6 |
| APM peak | 182 |
| eAPM avg | 80.4 |
| Villagers / military | 172 / 136 |
Focus
⚔️ 67.2% · 🌾 32.8%
Spearman ×108 · Archer ×8 · Scout Cavalry ×8 · Battering Ram ×6 · Flemish Militia ×5 · Mangonel ×1
Match map
Initial resources + every placement click. Lines = walls · curves = elevation contours. ◆ gold · ⬟ stone · ● berries · ✦ relic · ◌ wall gap
Your base· Open — unwalled flank
OS+ | FaNaTiick's base· ✓ Closed at 27:40 · 51t walls · 2 gate(s)
Smoothed initial terrain · ◌ = detected wall gap · hover for details
Inputs per minute
— Monkey Boy - - OS+ | FaNaTiick
Build order — Monkey Boy
First 150 of 328 actions detected
| 0:01 | Create | Villager (Male) |
| 0:01 | Create | Villager (Male) |
| 0:02 | Build | House |
| 0:04 | Build | House |
| 0:08 | Create | Villager (Male) |
| 0:08 | Create | Villager (Male) |
| 1:24 | Create | Villager (Male) |
| 1:24 | Create | Villager (Male) |
| 1:49 | Build | Lumber Camp |
| 1:59 | Create | Villager (Male) |
| 1:59 | Create | Villager (Male) |
| 2:14 | Create | Villager (Male) |
| 2:49 | Create | Villager (Male) |
| 3:12 | Create | Villager (Male) |
| 3:42 | Create | Villager (Male) |
| 3:42 | Create | Villager (Male) |
| 3:51 | Build | House |
| 3:52 | Build | House |
| 3:58 | Build | House |
| 3:59 | Build | House |
| 4:03 | Create | Villager (Male) |
| 4:26 | Create | Villager (Male) |
| 4:30 | Create | Villager (Male) |
| 4:31 | Create | Villager (Male) |
| 5:03 | Create | Villager (Male) |
| 5:05 | Build | Mill |
| 5:13 | Create | Villager (Male) |
| 5:19 | Research | Loom |
| 6:24 | Research | Feudal Age |
| 6:24 | Research | Feudal Age |
| 7:42 | Create | Villager (Male) |
| 8:34 | Age | Feudal Age |
| 8:40 | Build | Stable |
| 8:43 | Create | Villager (Male) |
| 9:10 | Build | Stable |
| 9:19 | Create | Villager (Male) |
| 9:30 | Build | Palisade Wall |
| 9:31 | Create | Scout Cavalry |
| 9:31 | Create | Scout Cavalry |
| 9:33 | Create | Villager (Male) |
| 9:48 | Build | House |
| 9:51 | Create | Scout Cavalry |
| 9:59 | Build | Palisade Wall |
| 10:03 | Create | Scout Cavalry |
| 10:03 | Create | Scout Cavalry |
| 10:04 | Create | Scout Cavalry |
| 10:11 | Build | Palisade Wall |
| 10:20 | Create | Villager (Male) |
| 10:48 | Create | Scout Cavalry |
| 10:48 | Create | Villager (Male) |
| 10:50 | Build | Farm |
| 10:58 | Build | House |
| 11:05 | Build | Farm |
| 11:22 | Build | House |
| 11:27 | Create | Scout Cavalry |
| 11:29 | Build | Farm |
| 11:39 | Build | Farm |
| 11:40 | Create | Villager (Male) |
| 11:43 | Build | House |
| 12:02 | Create | Villager (Male) |
| 12:08 | Build | Farm |
| 12:20 | Build | Farm |
| 12:26 | Create | Scout Cavalry |
| 12:43 | Create | Scout Cavalry |
| 12:47 | Create | Scout Cavalry |
| 12:49 | Build | Farm |
| 12:55 | Build | Farm |
| 13:07 | Create | Scout Cavalry |
| 13:10 | Create | Villager (Male) |
| 13:10 | Create | Villager (Male) |
| 13:13 | Build | House |
| 13:26 | Build | Farm |
| 13:31 | Create | Scout Cavalry |
| 13:39 | Create | Villager (Male) |
| 13:39 | Create | Villager (Male) |
| 13:42 | Build | House |
| 13:58 | Create | Villager (Male) |
| 14:18 | Create | Scout Cavalry |
| 14:18 | Create | Scout Cavalry |
| 14:20 | Build | Farm |
| 14:20 | Build | Farm |
| 14:30 | Create | Villager (Male) |
| 15:05 | Create | Villager (Male) |
| 15:14 | Create | Scout Cavalry |
| 15:14 | Create | Scout Cavalry |
| 15:20 | Build | Mining Camp |
| 15:22 | Build | Farm |
| 15:24 | Create | Villager (Male) |
| 15:52 | Create | Scout Cavalry |
| 15:52 | Create | Scout Cavalry |
| 15:55 | Build | Lumber Camp |
| 15:57 | Create | Villager (Male) |
| 16:17 | Create | Scout Cavalry |
| 16:25 | Build | Farm |
| 16:27 | Create | Villager (Male) |
| 16:46 | Create | Scout Cavalry |
| 16:46 | Create | Scout Cavalry |
| 17:09 | Create | Scout Cavalry |
| 17:23 | Create | Villager (Male) |
| 17:25 | Build | Farm |
| 17:27 | Build | Farm |
| 17:28 | Build | Farm |
| 17:30 | Build | Farm |
| 17:32 | Create | Scout Cavalry |
| 17:33 | Create | Scout Cavalry |
| 17:52 | Research | Bloodlines |
| 17:56 | Build | Farm |
| 17:57 | Build | Farm |
| 17:58 | Create | Villager (Male) |
| 18:10 | Create | Scout Cavalry |
| 18:18 | Build | Farm |
| 18:19 | Create | Villager (Male) |
| 18:53 | Create | Villager (Male) |
| 18:55 | Create | Scout Cavalry |
| 18:55 | Create | Scout Cavalry |
| 19:03 | Build | Blacksmith |
| 19:14 | Create | Scout Cavalry |
| 19:14 | Create | Scout Cavalry |
| 19:19 | Create | Villager (Male) |
| 19:20 | Create | Villager (Male) |
| 19:42 | Create | Villager (Male) |
| 19:44 | Create | Scout Cavalry |
| 19:44 | Create | Scout Cavalry |
| 19:57 | Build | Watch Tower |
| 20:15 | Build | Watch Tower |
| 20:19 | Create | Scout Cavalry |
| 20:20 | Create | Scout Cavalry |
| 20:23 | Create | Villager (Male) |
| 20:39 | Research | Forging |
| 20:39 | Research | Forging |
| 20:41 | Build | Farm |
| 20:47 | Build | House |
| 20:49 | Create | Villager (Male) |
| 20:58 | Create | Villager (Male) |
| 21:20 | Create | Villager (Male) |
| 21:23 | Build | House |
| 21:23 | Build | House |
| 21:47 | Research | Scale Barding Armor |
| 22:02 | Create | Scout Cavalry |
| 22:02 | Create | Scout Cavalry |
| 22:25 | Create | Scout Cavalry |
| 22:25 | Create | Scout Cavalry |
| 22:29 | Build | Market |
| 22:31 | Create | Villager (Male) |
| 22:52 | Create | Villager (Male) |
| 22:53 | Build | Farm |
| 23:00 | Create | Scout Cavalry |
| 23:00 | Create | Scout Cavalry |
| 23:09 | Create | Villager (Male) |
| 23:18 | Create | Villager (Male) |
Build order — OS+ | FaNaTiick
First 150 of 457 actions detected
| 0:01 | Create | Villager (Male) |
| 0:02 | Create | Villager (Male) |
| 0:02 | Create | Villager (Male) |
| 0:03 | Build | House |
| 0:05 | Build | House |
| 0:08 | Create | Villager (Male) |
| 0:08 | Create | Villager (Male) |
| 1:39 | Create | Villager (Male) |
| 1:45 | Build | Lumber Camp |
| 1:59 | Create | Villager (Male) |
| 2:14 | Create | Villager (Male) |
| 2:48 | Create | Villager (Male) |
| 2:48 | Create | Villager (Male) |
| 3:05 | Create | Villager (Male) |
| 3:05 | Create | Villager (Male) |
| 3:14 | Research | Double-Bit Axe |
| 3:21 | Create | Villager (Male) |
| 3:30 | Build | House |
| 3:31 | Build | House |
| 3:45 | Create | Villager (Male) |
| 3:45 | Create | Villager (Male) |
| 3:50 | Research | Double-Bit Axe |
| 3:50 | Research | Double-Bit Axe |
| 3:57 | Create | Villager (Male) |
| 3:58 | Create | Villager (Male) |
| 4:29 | Create | Villager (Male) |
| 4:29 | Create | Villager (Male) |
| 4:56 | Create | Villager (Male) |
| 4:57 | Create | Villager (Male) |
| 5:07 | Create | Villager (Male) |
| 5:07 | Research | Loom |
| 5:10 | Create | Villager (Male) |
| 5:11 | Research | Loom |
| 6:22 | Build | Mill |
| 6:24 | Build | Mill |
| 7:02 | Research | Feudal Age |
| 7:03 | Research | Feudal Age |
| 7:44 | Build | Barracks |
| 8:11 | Create | Villager (Male) |
| 8:43 | Build | Palisade Wall |
| 8:54 | Create | Villager (Male) |
| 9:16 | Age | Feudal Age |
| 9:17 | Build | Stable |
| 9:20 | Research | Bow Saw |
| 9:20 | Create | Spearman |
| 9:24 | Create | Villager (Male) |
| 9:40 | Research | Horse Collar |
| 9:50 | Build | House |
| 10:01 | Create | Scout Cavalry |
| 10:06 | Create | Villager (Male) |
| 10:08 | Build | Farm |
| 10:09 | Research | Horse Collar |
| 10:18 | Create | Scout Cavalry |
| 10:26 | Create | Villager (Male) |
| 10:45 | Build | Farm |
| 10:46 | Build | Farm |
| 10:48 | Build | House |
| 10:50 | Create | Villager (Male) |
| 10:54 | Build | Farm |
| 10:58 | Build | Farm |
| 11:10 | Create | Scout Cavalry |
| 11:15 | Build | House |
| 11:20 | Build | Farm |
| 11:30 | Create | Villager (Male) |
| 11:42 | Create | Spearman |
| 11:48 | Create | Villager (Male) |
| 11:54 | Build | House |
| 11:58 | Create | Villager (Male) |
| 12:02 | Build | Farm |
| 12:06 | Create | Villager (Male) |
| 12:12 | Build | Archery Range |
| 12:23 | Build | Farm |
| 12:30 | Create | Scout Cavalry |
| 12:42 | Build | Palisade Wall |
| 12:45 | Build | Palisade Wall |
| 12:50 | Create | Scout Cavalry |
| 12:57 | Build | Farm |
| 12:58 | Build | Farm |
| 12:59 | Build | Farm |
| 13:02 | Create | Villager (Male) |
| 13:03 | Create | Villager (Male) |
| 13:19 | Create | Villager (Male) |
| 13:22 | Create | Archer |
| 13:24 | Build | Mining Camp |
| 13:41 | Build | Palisade Wall |
| 13:42 | Create | Villager (Male) |
| 13:45 | Build | Palisade Wall |
| 13:47 | Create | Scout Cavalry |
| 13:55 | Build | Palisade Wall |
| 13:56 | Build | Palisade Wall |
| 14:05 | Build | Palisade Wall |
| 14:05 | Build | Palisade Wall |
| 14:08 | Build | Palisade Wall |
| 14:09 | Build | Palisade Wall |
| 14:14 | Create | Villager (Male) |
| 14:15 | Create | Spearman |
| 14:18 | Build | Palisade Wall |
| 14:19 | Build | Palisade Wall |
| 14:23 | Build | House |
| 14:30 | Build | Palisade Wall |
| 14:32 | Create | Villager (Male) |
| 14:37 | Create | Spearman |
| 15:02 | Create | Spearman |
| 15:07 | Create | Villager (Male) |
| 15:07 | Create | Villager (Male) |
| 15:20 | Create | Villager (Male) |
| 15:29 | Build | Lumber Camp |
| 15:47 | Create | Scout Cavalry |
| 15:53 | Create | Villager (Male) |
| 16:10 | Create | Villager (Male) |
| 16:11 | Create | Spearman |
| 16:20 | Build | House |
| 16:22 | Build | Palisade Wall |
| 16:25 | Create | Villager (Male) |
| 16:26 | Build | Farm |
| 16:37 | Create | Spearman |
| 16:52 | Create | Villager (Male) |
| 16:56 | Create | Spearman |
| 17:01 | Build | House |
| 17:19 | Create | Archer |
| 17:24 | Build | Palisade Wall |
| 17:31 | Build | Farm |
| 17:32 | Build | Farm |
| 17:33 | Build | Farm |
| 17:37 | Build | Farm |
| 17:41 | Build | Farm |
| 17:42 | Build | Farm |
| 17:44 | Build | Farm |
| 17:46 | Create | Archer |
| 18:02 | Create | Villager (Male) |
| 18:04 | Create | Spearman |
| 18:10 | Build | Palisade Gate |
| 18:15 | Build | House |
| 18:16 | Build | House |
| 18:18 | Build | House |
| 18:20 | Build | House |
| 18:26 | Create | Villager (Male) |
| 18:28 | Create | Spearman |
| 18:38 | Create | Villager (Male) |
| 18:38 | Create | Villager (Male) |
| 18:48 | Create | Archer |
| 18:50 | Create | Villager (Male) |
| 18:56 | Build | Farm |
| 19:02 | Create | Archer |
| 19:08 | Build | Lumber Camp |
| 19:16 | Build | Farm |
| 19:26 | Create | Archer |
| 19:32 | Create | Villager (Male) |
| 19:35 | Build | Blacksmith |
| 19:45 | Create | Villager (Male) |
Match timeline
| 7:44 | OS+ | FaNaTiick · first_building Barracks |
| 8:34 | Monkey Boy · age_up feudal |
| 8:40 | Monkey Boy · first_building Stable |
| 8:43 | OS+ | FaNaTiick · wall_segment Palisade Wall x1 |
| 9:16 | OS+ | FaNaTiick · age_up feudal |
| 9:17 | OS+ | FaNaTiick · first_building Stable |
| 9:30 | Monkey Boy · wall_segment Palisade Wall x1 |
| 9:59 | Monkey Boy · wall_segment Palisade Wall x1 |
| 10:11 | Monkey Boy · wall_segment Palisade Wall x1 |
| 12:12 | OS+ | FaNaTiick · first_building Archery Range |
| 12:42 | OS+ | FaNaTiick · wall_segment Palisade Wall x1 |
| 12:45 | OS+ | FaNaTiick · wall_segment Palisade Wall x1 |
| 13:41 | OS+ | FaNaTiick · wall_segment Palisade Wall x11 |
| 13:45 | OS+ | FaNaTiick · wall_segment Palisade Wall x7 |
| 13:55 | OS+ | FaNaTiick · wall_segment Palisade Wall x4 |
| 13:56 | OS+ | FaNaTiick · wall_segment Palisade Wall x10 |
| 14:05 | OS+ | FaNaTiick · wall_segment Palisade Wall x1 |
| 14:05 | OS+ | FaNaTiick · wall_segment Palisade Wall x1 |
| 14:08 | OS+ | FaNaTiick · wall_segment Palisade Wall x1 |
| 14:09 | OS+ | FaNaTiick · wall_segment Palisade Wall x1 |
| 14:18 | OS+ | FaNaTiick · wall_segment Palisade Wall x1 |
| 14:19 | OS+ | FaNaTiick · wall_segment Palisade Wall x1 |
| 14:30 | OS+ | FaNaTiick · wall_segment Palisade Wall x1 |
| 16:22 | OS+ | FaNaTiick · wall_segment Palisade Wall x11 |
| 17:24 | OS+ | FaNaTiick · wall_segment Palisade Wall x1 |
| 23:13 | Monkey Boy · first_market_buy 100 food |
| 24:58 | OS+ | FaNaTiick · first_market_sell 500 wood |
| 24:58 | OS+ | FaNaTiick · first_market_buy 100 food |
| 27:40 | OS+ | FaNaTiick · age_up castle |
| 27:42 | OS+ | FaNaTiick · first_building Siege Workshop |
| 28:12 | Monkey Boy · first_market_sell 500 wood |
| 31:11 | Monkey Boy · age_up castle |
| 34:03 | Monkey Boy · first_building Siege Workshop |
| 34:37 | OS+ | FaNaTiick · wall_segment Palisade Wall x1 |
| 38:38 | Monkey Boy · resign |
[ AI ANALYSIS · 1 CREDIT ]
What really happened in this match?
Wolo.gg analyzes every decision: build order, eco, micro, common mistakes by bracket. Personalized analysis on WhatsApp or Discord in 30 seconds.
Civ guide
Khmer
Perfil
Jugador #4422117